 Dungeon Crawl Stone Soup version 0.21-a0-153-g78480df (webtiles) character file.

3083 scarecrow the Basher (level 9, 0/81 HPs)
             Began as a Deep Dwarf Necromancer on Aug 1, 2017.
             Was a Believer of Makhleb.
             Slain by a two-headed ogre
             ... wielding a +0 giant club
              (25 damage)
             ... on level 6 of the Dungeon.
             The game lasted 00:25:20 (7771 turns).

scarecrow the Basher (Deep Dwarf Necromancer)       Turns: 7771, Time: 00:25:21

Health: 0/81       AC:  7    Str: 14    XL:     9   Next: 58%
Magic:  2/18       EV: 12    Int: 22    God:    Makhleb [**....]
Gold:   247        SH:  0    Dex: 13    Spells: 2/11 levels left

rFire    . . .     SeeInvis .   G - +3 flail (crush)
rCold    . . .     Gourm    .   (no shield)
rNeg     . . .     Faith    .   a - +0 robe
rPois    +         Spirit   .   m - +1 helmet of Brilliance {rPois MR++}
rElec    .         Reflect  .   M - +0 cloak
rCorr    .         Harm     .   (no gloves)
MR       ++++.                  x - +1 pair of boots
Stlth    ++........             (no amulet)
HPRegen  0.00/turn              d - ring of magical power
MPRegen  0.16/turn              o - ring of protection from magic

@: brilliant, non-regenerating
A: damage resistance, heal wounds, sense surroundings 2, no regeneration
a: Heal Wounds, Minor Destruction, Renounce Religion


You were on level 6 of the Dungeon.
You worshipped Makhleb.
Makhleb was pleased with you.
You were not hungry.

You visited 2 branches of the dungeon, and saw 8 of its levels.
You also visited: Ossuary.

You collected 247 gold pieces.

Inventory:

Hand Weapons
 u - a +1 whip of freezing
 G - a +3 flail of crushing (weapon)
 P - a +0 blowgun
 R - a +2 long sword of protection
Missiles
 k - 206 stones (quivered)
 t - 8 tomahawks
 O - 2 tomahawks of dispersal
 Q - 7 poisoned needles
Armour
 a - a +0 robe (worn)
 j - a +0 ring mail
 m - the +1 helmet of Brilliance (worn) {rPois MR++}
   (You took it off Robin on level 1 of the Dungeon)

   It protects you from poison.
   It affects your resistance to hostile enchantments.
 w - the +1 ring mail of the King of the Hill {-Tele rC+ Str+4}
   (You found it on level 4 of the Dungeon)

   It affects your strength (+4).
   It protects you from cold.
   It prevents most forms of teleportation.
 x - a +1 pair of boots (worn)
 M - a +0 cloak (worn)
Jewellery
 d - a ring of magical power (left hand)
 e - an uncursed amulet of harm
 o - a ring of protection from magic (right hand)
 z - an uncursed amulet of guardian spirit
 E - an uncursed ring of ice
Wands
 y - a wand of random effects (17/48)
 A - a wand of disintegration (2/24)
 F - a wand of acid (3/15)
 J - a wand of polymorph (14/24)
Scrolls
 c - 2 scrolls of enchant armour
 f - 7 scrolls of remove curse
 h - 2 scrolls of blinking
 p - 5 scrolls of teleportation
 r - 5 scrolls of identify
 s - a scroll of immolation {unknown}
 C - 2 scrolls of recharging {unknown}
 D - a scroll of magic mapping {unknown}
 H - a scroll of acquirement {unknown}
 I - a scroll of amnesia
 S - a scroll of fear {unknown}
Potions
 i - a potion of haste
 q - 3 potions of curing
 B - 2 potions of agility
 K - a potion of flight
Books
 b - a book of Necromancy

   Spells                             Type                      Level
   a - Pain                           Necromancy                   1
   b - Animate Skeleton               Necromancy                   1
   c - Vampiric Draining              Necromancy                   3
   d - Regeneration                   Charms/Necromancy            3
   e - Animate Dead                   Necromancy                   4
   f - Control Undead                 Necromancy                   4
Comestibles
 g - 4 royal jellies
 v - 2 fruits


   Skills:
 - Level 5.3 Fighting
 + Level 10.6 Maces & Flails
 - Level 0.2 Armour
 - Level 2.1 Dodging
 - Level 2.4 Stealth
 - Level 1.7 Spellcasting
 - Level 7.3 Necromancy


You had 2 spell levels left.
You knew the following spells:

 Your Spells              Type           Power        Failure   Level  Hunger
a - Pain                  Necr           ####         1%          1    #......
b - Vampiric Draining     Necr           #####.....   1%          3    ###....
c - Animate Skeleton      Necr           N/A          1%          1    #......
d - Control Undead        Necr           #####.....   1%          4    #####..


Dungeon Overview and Level Annotations

Branches:
Dungeon (7/15)             Temple (1/1) D:5

Altars:
Ashenzari
Cheibriados
Dithmenos
Fedhas
Gozag
Hepliaklqana
Kikubaaqudgha
Makhleb
Nemelex Xobeh
Okawaru
Qazlal
Ru
Uskayaw
Vehumet
Wu Jian
Xom
Zin
The Shining One

Shops:
D:5 (


Innate Abilities, Weirdness & Mutations

You are resistant to damage.
You can heal yourself by infusing magical energy.
You passively map the area around you.
You do not regenerate.


Message History

Casting: Vampiric Draining
Confirm with . or Enter, or press ? or * to list all spells.
You don't have enough magic to cast that spell.
Unknown command.
Casting: Vampiric Draining
Confirm with . or Enter, or press ? or * to list all spells.
Aiming: Pain
Press: ? - help, Shift-Dir - straight line, f/p - two-headed ogre
Aim: a two-headed ogre, wielding two giant clubs (almost dead, chance to defeat MR: 71%)
The two-headed ogre struggles to resist.
The two-headed ogre hits you with a giant club!! x2
* * * LOW HITPOINT WARNING * * *
You feel much better.
The two-headed ogre hits you with a giant club!
* * * LOW HITPOINT WARNING * * *
The two-headed ogre hits you with a giant club!
* * * LOW HITPOINT WARNING * * *
You feel much better.
The two-headed ogre hits you with a giant club!!
You die...

#..........#.....##..#..#.#..
#.##.......#.....##..##......
#.##.#..##.#.....##..##.#.#..
#.##....##.#.....##.......###
#.##.#.###.##.......###.###
#.##.......########## #.#
#......##### ##### #.#
####.### #####...####.#####
#.# #@................ #.#
#O###...#####.####
#.#######.# ######.......#
#.........# #..#.#...
########### #..#....#
#..#..... #........ ##.......
###.....


You could see a two-headed ogre.

Vanquished Creatures
  Pikel (D:4)
  Grinder (D:4)
  A hippogriff (D:7)
  A yak (D:7)
  Edmund (D:6)
  A sky beast (D:7)
  2 ice beasts
  A hornet zombie (Ossuary)
  3 slaves (D:4)
  A centaur (D:7)
  A big kobold (D:7)
  2 bullfrogs
  A water moccasin skeleton (D:4)
  2 centaur zombies (Ossuary)
  4 crimson imps
  A jelly (D:5)
  A bullfrog zombie (Ossuary)
  An orc wizard (D:5)
  2 bullfrog skeletons
  3 hounds
  Crazy Yiuf (D:6)
  Natasha (thrice) (D:2)
  An iguana (D:4)
  A centaur skeleton (D:4)
  Ijyb (D:4)
  4 worker ants
  A killer bee zombie (Ossuary)
  A hound zombie (Ossuary)
  A hound skeleton (D:5)
  9 mummies (Ossuary)
  5 worker ant zombies (Ossuary)
  A howler monkey zombie (Ossuary)
  Robin (D:1)
  4 gnolls
  11 adders
  A shadow imp (D:5)
  4 adder zombies
  2 worms
  4 dart slugs
  3 leopard geckos
  19 orcs
  6 bats
  4 giant cockroaches
  10 goblins
  18 hobgoblins
  13 jackals
  20 kobolds
  3 quokkas
  3 ball pythons
  6 frilled lizards
  A giant cockroach zombie (Ossuary)
  4 jackal zombies
  2 quokka skeletons (D:4)
  A quokka zombie (D:7)
  5 rats
205 creatures vanquished.

Vanquished Creatures (collateral kills)
  A bullfrog zombie (Ossuary)
  4 mummies (Ossuary)
  A hound zombie (Ossuary)
  A worker ant zombie (Ossuary)
  3 adder zombies (Ossuary)
  A giant cockroach zombie (Ossuary)
11 creatures vanquished.

Vanquished Creatures (others)
  A slave (D:4)
  A worker ant (D:4)
2 creatures vanquished.

Grand Total: 218 creatures vanquished

Notes
Turn   | Place    | Note
-------+----------+-------------------------------------------
     0 | D:1      | scarecrow the Deep Dwarf Necromancer began the quest for the Orb.
     0 | D:1      | Reached XP level 1. HP: 15/15 MP: 3/3
   462 | D:1      | Reached XP level 2. HP: 22/22 MP: 4/4
   495 | D:1      | Reached skill level 5 in Necromancy
  1270 | D:2      | Noticed Natasha
  1283 | D:2      | Killed Natasha
  1283 | D:2      | Reached XP level 3. HP: 21/28 MP: 5/5
  1324 | D:2      | Noticed Natasha
  1359 | D:2      | Killed Natasha
  1359 | D:2      | Reached XP level 4. HP: 18/36 MP: 5/6
  1365 | D:2      | Learned a level 3 spell: Vampiric Draining
  1552 | D:2      | Found an opulent altar of Gozag.
  1745 | D:2      | Noticed Natasha
  1770 | D:2      | Noticed Robin
  2025 | D:1      | Killed Robin
  2027 | D:1      | Got a smoking helmet
  2033 | D:1      | Identified the +1 helmet of Brilliance {rPois MR++} (You took it off Robin on level 1 of the Dungeon)
  2104 | D:2      | Killed Natasha
  2104 | D:2      | Reached XP level 5. HP: 41/42 MP: 7/7
  2111 | D:2      | Found an ancient bone altar of Kikubaaqudgha.
  2721 | D:3      | Learned a level 1 spell: Animate Skeleton
  2868 | D:3      | Reached skill level 1 in Fighting
  3480 | D:4      | Noticed Pikel
  3480 | D:4      | Noticed a slave
  3480 | D:4      | Noticed a slave
  3482 | D:4      | Noticed a slave
  3488 | D:4      | Noticed a slave
  3495 | D:4      | Killed a slave
  3521 | D:4      | Killed a slave
  3531 | D:4      | Killed a slave
  3545 | D:4      | Killed Pikel
  3545 | D:4      | Reached skill level 5 in Fighting
  3545 | D:4      | Reached XP level 6. HP: 61/61 MP: 1/8
  3545 | D:4      | Reached XP level 7. HP: 67/67 MP: 1/9
  3621 | D:4      | Found a shattered altar of Ashenzari.
  3625 | D:4      | Noticed Grinder
  3647 | D:4      | Learned a level 4 spell: Control Undead
  3653 | D:4      | Reached skill level 1 in Maces & Flails
  3703 | D:4      | HP: 2/67 [Grinder (8)]
  3709 | D:4      | Killed Grinder
  3709 | D:4      | Reached skill level 3 in Maces & Flails
  3773 | D:4      | Reached skill level 4 in Maces & Flails
  4094 | D:4      | Found a shimmering altar of Xom.
  4130 | D:4      | Got a spiked ring mail
  4141 | D:4      | Identified the +1 ring mail of the King of the Hill {-Tele rC+ Str+4} (You found it on level 4 of the Dungeon)
  4205 | D:4      | Found a shadowy altar of Dithmenos.
  4211 | D:4      | Reached XP level 8. HP: 66/74 MP: 10/10
  4241 | D:4      | Noticed Ijyb
  4248 | D:4      | Killed Ijyb
  4332 | D:4      | Found a glowing golden altar of the Shining One.
  4366 | D:4      | Reached skill level 5 in Maces & Flails
  4485 | D:5      | Entered Level 5 of the Dungeon
  4496 | D:5      | Found a staircase to the Ecumenical Temple.
  4531 | Temple   | Entered the Ecumenical Temple
  4558 | Temple   | Became a worshipper of Makhleb the Destroyer
  4596 | D:5      | Found a snail-covered altar of Cheibriados.
  4748 | D:5      | Found Toxei's Weapon Shop.
  5142 | D:5      | Reached skill level 6 in Maces & Flails
  5800 | D:5      | Reached skill level 7 in Maces & Flails
  6040 | D:6      | Found an iron altar of Okawaru.
  6059 | D:6      | Noticed Edmund
  6070 | D:6      | Killed Edmund
  6118 | D:6      | Reached * piety under Makhleb
  6317 | D:6      | Reached skill level 8 in Maces & Flails
  6548 | D:6      | Found a runed door.
  6744 | D:6      | Noticed Crazy Yiuf
  6748 | D:6      | Killed Crazy Yiuf
  6777 | D:7      | Gained mutation: You passively map the area around you. [Deep Dwarf growth]
  6777 | D:7      | Reached XP level 9. HP: 62/81 MP: 9/10
  6879 | D:7      | Reached skill level 9 in Maces & Flails
  7257 | D:7      | Noticed a two-headed ogre
  7293 | D:7      | Found a sand-covered staircase.
  7298 | Ossuary  | Entered an ossuary
  7450 | Ossuary  | Reached ** piety under Makhleb
  7480 | Ossuary  | Reached skill level 10 in Maces & Flails
  7769 | D:6      | HP: 1/81 [two-headed ogre/giant club (26)]
  7771 | D:6      | Slain by a two-headed ogre

Vault maps used:
D:1:      nicolae_arrival_somewhat_less_tricky_arrival
D:2:      kiku_gazebo_garden_becter, lemuel_round_altar, uniq_robin,
          uniq_natasha
D:3:      first_bread
D:4:      minmay_wonky_spiral, nicolae_overflow_hidden_temple,
          kennysheep_cluttered_room, minmay_misc_feat_secret_circle,
          cheibrodos_ashenzari_chains, uniq_grinder, uniq_ijyb, uniq_pikel
D:5:      cheibriados_altar_1, temple_green, serial_shops, kennysheep_mini,
          serial_bayou_lake_a
D:6:      okawaru_ov_weapons_minmay, kennysheep_generic_room_2, uniq_edmund,
          uniq_crazy_yiuf_cottage
D:7:      enter_ossuary_5, grunt_ogre_cave, uniq_duvessa
Temple:   minmay_temple_bridge_abc
Ossuary:  ossuary_zaba_flooded

Skill      XL: |  1  2  3  4  5  6  7  8  9 |
---------------+----------------------------+-----
Necromancy     | 5 6 7 |  7.3
Fighting       | 5 |  5.3
Maces & Flails | 4 8 10 | 10.6
Armour         | |  0.2
Dodging        | |  2.1
Stealth        | |  2.4
Spellcasting   | |  1.7

Action                   |  1- 3 |  4- 6 |  7- 9 || total
-------------------------+-------+-------+-------++-------
Melee: Unarmed           |     2 |    39 |       ||    41
       Whip              |       |       |   235 ||   235
       Flail             |       |       |   163 ||   163
Throw: Stone             |     2 |    12 |       ||    14
 Cast: Pain              |    45 |    93 |    15 ||   153
       Vampiric Draining |       |    36 |    94 ||   130
       Control Undead    |       |       |     7 ||     7
 Abil: Heal Wounds       |       |       |     8 ||     8
Evoke: Wand              |       |       |     1 ||     1
  Use: Scroll            |     1 |     1 |     5 ||     7
       Potion            |       |     4 |    13 ||    17
 Stab: Invisible         |       |     7 |     5 ||    12
       Distracted        |       |       |     2 ||     2
       Sleeping          |       |       |     2 ||     2
  Eat: Chunk             |     1 |     9 |    19 ||    29
       Bread ration      |       |     1 |     1 ||     2
       Meat ration       |       |       |     1 ||     1
       Royal jelly       |       |       |     1 ||     1
Armor: Robe              |     3 |    14 |   104 ||   121
       Skin              |       |    10 |       ||    10
Dodge: Dodged            |    15 |    60 |   253 ||   328
